Map: Bridgehead LE (Void)

Players

wabbajack - Winner!

  • Race: Zerg Zerg
  • League: Gold

TheQ

  • Race: Terran Terran
  • League: Bronze

VOD

Have the link to the VOD?

Description

Time

  • Played on: July 19, 2015, 4:45 p.m.
  • Length: 5:12
Show
View Real Time Build Order
Export as new Build Order

wabbajack Zerg - Winner!

Build Orders: Hatch First 

Get SALT Encoding   

  12  0:01  Drone  
  13  0:20  Overlord  
  13  0:23  Drone  
  13  0:28  Extractor  
  13  0:29  Drone, Extractor  
  13  0:32  Drone  
  16  0:57  Hatchery  
  15  1:07  Spawning Pool  
  15  1:09  Drone  
  15  1:12  Drone  
  15  1:16  Drone  
  17  1:19  Extractor  
  17  1:21  Drone  
  17  1:46  Drone x2  
  19  1:54  Queen  
  19  1:59  Extractor  
  20  2:04  Spine Crawler  
  20  2:07  Drone x2  
  21  2:10  Drone  
  22  2:25  Metabolic Boost  
  22  2:40  Zergling x6  
  22  2:41  Zergling x4  
  27  2:53  Spine Crawler  
  27  2:55  Queen  
  27  2:58  Pneumatized Carapace  
  28  3:04  Baneling Nest  
  27  3:14  Overlord  
  27  3:21  Overlord  
  27  3:46  Drone  
  27  3:47  Drone x5  
  33  3:56  Baneling x2  
  33  4:01  Baneling  
  33  4:02  Baneling  
  33  4:21  Baneling x2  
Show
View Real Time Build Order
Export as new Build Order

TheQ Terran 

Build Orders:  

Get SALT Encoding   

  12  0:01  SCV  
  13  0:13  SCV  
  14  0:21  Supply Depot  
  14  0:25  SCV  
  15  0:43  SCV  
  15  0:45  Barracks  
  15  0:48  Refinery  
  16  0:55  SCV  
  17  1:05  Refinery  
  17  1:07  SCV  
  18  1:19  SCV  
  19  1:32  Orbital Command  
  19  1:33  Reaper  
  19  1:34  Supply Depot  
  20  2:00  Factory  
  20  2:02  SCV  
  20  2:05  Barracks Reactor  
  21  2:15  SCV  
  22  2:25  Command Center  
  22  2:27  SCV  
  23  2:31  Supply Depot  
  23  2:39  SCV  
  24  2:51  SCV  
  25  3:04  SCV  
  26  3:20  Supply Depot  
  26  3:24  SCV  
  27  3:29  Starport  
  27  3:32  Engineering Bay  
  27  3:34  Barracks Tech Lab, Barracks  
  27  3:36  SCV  
  27  3:38  Hellion x2  
  31  3:43  Orbital Command  
  31  4:02  Hellion x2  
  35  4:08  Starport Reactor  
  35  4:09  Armory  
  35  4:12  Barracks  
  35  4:21  Marauder  
  37  4:29  Hellion x2  
  41  4:44  Barracks Reactor  
  41  4:45  Barracks  
  41  4:48  SCV x2  
  30  5:00  SCV  
Tags
 
Add a new tag
Caveats
  • Supply blocks, unpowered buildings, or Contaminate may cause inaccurate times.
  • Supply counts are checked every 10 seconds.